AoeStats
← 小白

Nomad

509559071Analyzed
4v4 RM · 5d ago on Sep 27, 2026· 30m 19s· 8 players
Game mode
Random Map
Map size
231×231
Population
200
Speed
Normal
Resources
Standard
Victory
Conquest
Starting age
Dark Age
Ending age
Imperial Age
RankedLock teamsTeams togetherTeam positionsShared explorationLock speedFull tech treeHidden civsTurbo modeCheats
Victory
Defeat
🇹🇼 Vietnamese · Taiwan
2074
+6
🇹🇼 Spanish · Taiwan
2066
+6
🇹🇼 Danes · Taiwan
1932
+10
🇹🇼 Varangians · Taiwan
1916
+12
🇹🇼 Varangians · Taiwan
1877
-10
🇹🇼 Saxons · Taiwan
1872
-10
🇹🇼 Spanish · Taiwan
1870
-10
🇺🇸 Danes · United States
1637
-4
DYS.Chipmunk
8:48 Loom
13:54 Feudal Age
17:27 Castle Age
15:24 Double-Bit Axe
16:21 Gold Mining
20:10 Medium Warships
21:08 Bow Saw
21:51 Horse Collar
23:09 Town Watch
26:10 Wheelbarrow
28:00 Bloodlines
27:52 Husbandry
30:25 Sanctity
GKT_Cloud
5:44 Loom
14:01 Feudal Age
15:58 Town Watch
19:09 Castle Age
17:47 Fletching
18:14 Padded Archer Armor
18:06 Fishing Lines
18:12 Double-Bit Axe
19:49 Bodkin Arrow
29:09 Forging
30:12 Scale Barding Armor
LeeChia
6:28 Loom
23:37 Feudal Age
27:49 Castle Age
29:34 Wheelbarrow
28:45 Town Watch
DemonSheep
11:34 Feudal Age
12:15 Double-Bit Axe
13:20 Town Watch
13:41 Fishing Lines
16:18 Loom
18:13 Wheelbarrow
21:55 Castle Age
22:10 Fletching
23:48 Gold Mining
24:17 Gillnets
25:04 Bodkin Arrow
26:25 Crossbowman
28:46 Hand Cart
29:50 Bow Saw
30:16 Ballistics
白龍
5:23 Loom
13:34 Feudal Age
17:20 Castle Age
16:23 Gold Mining
16:25 Double-Bit Axe
17:28 Fishing Lines
18:25 Bow Saw
18:37 Medium Warships
21:02 Bow Saw
24:37 Horse Collar
27:46 Wheelbarrow
30:43 Heavy Plow
ANKR.Navvy
8:39 Loom
12:57 Feudal Age
22:05 Feudal Age
24:01 Double-Bit Axe
27:25 Castle Age
25:45 Fishing Lines
26:41 Gold Mining
27:34 Fletching
28:18 Bodkin Arrow
小白
13:48 Feudal Age
14:41 Double-Bit Axe
17:31 Castle Age
15:16 Fishing Lines
15:42 Gold Mining
18:04 Gillnets
18:26 Medium Warships
18:27 Bow Saw
19:34 Wheelbarrow
19:51 Forging
20:55 Loom
24:22 Iron Casting
26:41 Horse Collar
32:55 Imperial Age
30:48 Clinker Construction
30:37 Stone Mining
老天鵝
9:56 Loom
14:02 Feudal Age
18:08 Castle Age
18:53 Scale Mail Armor
20:44 Chain Mail Armor
26:41 Squires
28:20 Double-Bit Axe
28:15 Horse Collar
30:28 Bow Saw
Connection lost

Rejoining the realm…

Still unreachable

The connection could not be restored.

Session expired

The server has moved on; the page needs a fresh start.